 Dungeon Crawl Stone Soup version 0.27.1-33-g824d729ab1 (webtiles) character file.

Game seed: 4363726264565101886

154 lonewolfV2 the Ruffian (level 5, 0/40 HPs)
             Began as a Draconian Transmuter on Dec 10, 2021.
             Was an Initiate of Vehumet.
             Slain by an iguana (9 damage)
             ... on level 4 of the Dungeon.
             The game lasted 00:11:08 (3713 turns).

lonewolfV2 the Ruffian (Draconian Transmuter)       Turns: 3713, Time: 00:11:09

Health: 0/40       AC:  5    Str: 14    XL:     5   Next: 13%
Magic:  5/9        EV: 12    Int: 19    God:    Vehumet [......]
Gold:   108        SH:  0    Dex: 11    Spells: 6/9 levels left

rFire    + . .     SeeInvis .     - Unarmed
rCold    . . .     Faith    .   (no shield)
rNeg     . . .     Spirit   .   (armour unavailable)
rPois    .         Reflect  .   (helmet restricted)
rElec    .         Harm     .   (no cloak)
rCorr    .         Rampage  .   (no gloves)
Will     .....                  (no boots)
Stlth    +.........             m - amulet of regeneration
HPRegen  1.13/turn              a - ring of protection from fire
MPRegen  0.11/turn              g - +6 ring of intelligence

@: wereblooded
A: AC +5, unfitting armour, cold-blooded
a: Renounce Religion


You were on level 4 of the Dungeon.
You worshipped Vehumet.
Vehumet was noncommittal.
You visited 1 branch of the dungeon, and saw 4 of its levels.

You collected 108 gold pieces.

Inventory:

Jewellery
 a - a ring of protection from fire (left hand)
 g - a +6 ring of intelligence (right hand)
 m - an amulet of regeneration (around neck)
Scrolls
 c - a scroll of fog {unknown}
 k - 2 scrolls of identify
 l - a scroll of immolation {unknown}
 n - a scroll of torment {unknown}
 o - a scroll of noise {unknown}
Potions
 b - a potion of heal wounds
 d - 3 potions of curing {unknown}
 e - a potion of magic {unknown}
 f - a potion of berserk rage {unknown}
 h - 2 potions of degeneration {unknown}
 i - a potion of lignification {unknown}
 j - a potion of resistance {unknown}


   Skills:
 + Level 1.2 Fighting
 + Level 2.4 Dodging
 + Level 0.4 Stealth
 + Level 4.1 Unarmed Combat
 + Level 2.9 Spellcasting
 + Level 3.1 Transmutations


You had 6 spell levels left.
You knew the following spells:

 Your Spells              Type           Power      Damage    Failure   Level
a - Beastly Appendage     Tmut           28%        N/A       4%          1
b - Wereblood             Tmut           14%        N/A       6%          2

Your spell library contained the following spells:

 Spells                   Type           Power      Damage    Failure   Level
 Spider Form              Tmut/Pois      4%         N/A       24%         3
 Gell's Gravitas          Tloc           1%         N/A       43%         3
 Teleport Other           Tloc           2%         N/A       43%         3
 Ice Form                 Ice/Tmut       8%         N/A       63%         4
 Dispersal                Tloc           1%         N/A       100%        6


Dungeon Overview and Level Annotations

Branches:
Dungeon (4/15)
 Temple: D:4-7

Altars:
Vehumet


Innate Abilities, Weirdness & Mutations

Your plain brown scales are hard. (AC +5)
You cannot fit into any form of body armour.
You are cold-blooded and may be slowed by cold attacks.


Message History

The orc is severely wounded.
The iguana barely misses you.
The orc priest invokes the aid of Beogh against you.
Beogh smites you! The orc barely misses you.
You barely miss the orc.
The orc is severely wounded.
The orc hits you with a +0 war axe. The iguana misses you.
You barely miss the orc.
The orc is severely wounded.
The orc barely misses you.
The orc priest calls down the wrath of Beogh upon you.
Beogh smites you!
* * * LOW HITPOINT WARNING * * *
The orc wizard mumbles some strange words.
The orc wizard flickers and vanishes!
Deactivating autopickup; reactivate with Ctrl-A.
The orc hits you but does no damage. The iguana misses you.
You feel much better.
The orc priest calls upon Beogh to heal the orc.
The orc's wounds heal themselves!
The orc barely misses you. The orc hits you with a +0 war axe.
The iguana bites you but does no damage.
Casting: Wereblood (safe; 6% risk of failure)
Confirm with . or Enter, or press ? or * to list all spells.
Your blood is freshly infused with primal strength!
The orc barely misses you. The orc closely misses you. The iguana bites you!
You hit the orc but do no damage.
You tail-slap the orc, but do no damage.
The orc hits you with a +0 flail. The orc misses you.
The iguana barely misses you.
You hit the orc but do no damage.
You tail-slap the orc, but do no damage.
The orc closely misses you. x2; The orc hits you but does no damage.
You hit the orc but do no damage.
The iguana bites you but does no damage.
The orc barely misses you. The orc hits you but does no damage.
The orc hits you from afar with a +0 trident!
* * * LOW HITPOINT WARNING * * *
You closely miss the orc. The iguana bites you!
You die...

............
...........#
...........###
.............
........:.$.
#....Z....
#..oo#.#
#o#o#####
#@o.....#
#######l####.#
#........#
#........#
#........#
#........#
#...<....#
#........#
#........#


You could see an iguana, an orc priest, 4 orcs and a howler monkey skeleton.

Vanquished Creatures
  2 orc wizards (D:3)
  A gnoll (D:1)
  An adder (D:2)
  3 worms
  5 orcs
  4 ball pythons
  8 endoplasms
  5 giant cockroaches
  6 hobgoblins
  4 jackals (D:1)
  4 quokkas
  6 bats
  3 frilled lizards (D:1)
  6 goblins
  4 kobolds
  9 rats
71 creatures vanquished.

Notes
Turn   | Place    | Note
-------+----------+-------------------------------------------
     0 | D:1      | lonewolfV2 the Draconian Transmuter began the quest for the
                  | Orb.
     0 | D:1      | Reached XP level 1. HP: 16/16 MP: 3/3
    40 | D:1      | Reached XP level 2. HP: 2/23 MP: 3/5
    41 | D:1      | HP: 1/23 [jackal (1)]
   848 | D:1      | Reached XP level 3. HP: 23/28 MP: 6/6
  1374 | D:1      | Learned a level 2 spell: Wereblood
  2291 | D:2      | Reached XP level 4. HP: 35/35 MP: 3/7
  2483 | D:3      | Found a radiant altar of Vehumet.
  2491 | D:3      | Became a worshipper of Vehumet
  2837 | D:3      | Reached skill level 4 in Unarmed Combat
  3168 | D:3      | Reached XP level 5. HP: 40/40 MP: 5/9
  3713 | D:4      | Slain by an iguana

Illustrated notes

Levels and vault maps discovered:
D:1:      elethiomel_arrival_shortcut, layout_rooms, minmay_heptomino_w4
D:2:      layout_rooms
D:3:      layout_loops_corners, mainiacjoe_overflow_surrounded_room
D:4:      layout_basic, grunt_temple_overflow_open, serial_shops, shop

Skill      XL: |  1  2  3  4 |
---------------+-------------+-----
Dodging        | 2 |  2.4
Unarmed Combat | 4 |  4.1
Transmutations | 3 |  3.1
Fighting       | |  1.2
Stealth        | |  0.4
Spellcasting   | |  2.9

Action                   |  1- 3 |  4- 6 || total
-------------------------+-------+-------++-------
Melee: Unarmed           |   137 |    95 ||   232
       Headbutt          |     9 |     7 ||    16
       Tailslap          |     7 |     9 ||    16
       Kick              |     6 |    12 ||    18
       Punch             |     1 |     1 ||     2
 Cast: Beastly Appendage |    19 |    10 ||    29
       Wereblood         |    11 |    13 ||    24
  Use: Scroll            |       |     3 ||     3
       Potion            |       |     2 ||     2
Armor: Skin              |    70 |    23 ||    93
Dodge: Dodged            |   134 |    70 ||   204
